Cogmind - Beta 10.1 @@@ ROGUE MODE // 2020.10.28 @ 00:18:03 Player: taqueso Result: Destroyed by D-53 Grenadier with Mini Grenade Launcher Performance ------------- Evolutions (0) 0 Regions Visited (4) 800 Robots Destroyed (9) 45 Value Destroyed (139) 139 Prototype IDs (0) 0 Alien Tech Used (0) 0 Bonus (300) 300 TOTAL SCORE: 1284 Bonus ------- Aligned with FarCom 300 Cogmind --------- Core Integrity 0/250 Matter 480/500 Energy 100/100 System Corruption 1% Temperature Cool (0) Movement Core (350) Ox6 Location -9/Mines Parts ------- > --- POWER (1) -------- (None) > --- PROPULSION (2) --- (None) > --- UTILITY (2) ------ Large Storage Unit High-capacity Matter Pod > --- WEAPON (2) ------- (None) > --- INVENTORY (10) --- Nuclear Core Reinforced Deuterium Engine Fission Core Aluminum Leg Aluminum Leg Compact Wheel High-capacity Matter Pod (200) High-capacity Matter Pod (159) Peak State ------------ > --- POWER ------------ Ion Engine > --- PROPULSION ------- Light Treads Light Treads > --- UTILITY ---------- Large Storage Unit Large Storage Unit > --- WEAPON ----------- Light Assault Rifle Grenade Launcher > --- INVENTORY -------- Ion Engine Fission Core Aluminum Leg Aluminum Leg Compact Wheel Medium Laser Medium Laser [Rating: 8] Favorites ----------- Power Ion Engine Engine Ion Engine Propulsion Light Treads Treads Light Treads Utility Large Storage Unit Storage Large Storage Unit Weapon Light Assault Rifle Energy Gun Medium Laser Ballistic Gun Light Assault Rifle Launcher Grenade Launcher Build | -11 -10 -10 -10 -9 ------- Run | Scr Mat Min Exi Min Slots Evolved . | . . . . . Power . | . . . . . Propulsion . | . . . . . Utility . | . . . . . Weapon . | . . . . . Parts Attached 15 | 6 1 2 3 3 Power 2 | 1 . . 1 . Engine 2 | 1 . . 1 . Core . | . . . . . Reactor . | . . . . . Propulsion 2 | 2 . . . . Treads 2 | 2 . . . . Leg . | . . . . . Wheel . | . . . . . Hover . | . . . . . Flight . | . . . . . Utility 5 | 1 . 2 2 . Device . | . . . . . Storage 5 | 1 . 2 2 . Processor . | . . . . . Hackware . | . . . . . Protection . | . . . . . Artifact . | . . . . . Weapon 6 | 2 1 . . 3 Energy Gun 3 | 1 . . . 2 Energy Cannon . | . . . . . Ballistic Gun 1 | 1 . . . . Ballistic Cannon . | . . . . . Launcher 2 | . 1 . . 1 Special Weapon . | . . . . . Impact Weapon . | . . . . . Slashing Weapon . | . . . . . Piercing Weapon . | . . . . . Special Melee Weapon . | . . . . . Unidentified Prototypes . | . . . . . Parts Lost 7 | . . . . 7 Power 1 | . . . . 1 Propulsion 2 | . . . . 2 Utility . | . . . . . Weapon 4 | . . . . 4 Highest Loss Streak 7 | . . . . 7 Average Slot Usage (%) 97 | . 85 93 99 92 Engine 13 | . 14 14 14 13 Treads 27 | . 28 28 28 25 Storage 26 | . 14 22 27 28 Ballistic Gun 13 | . 14 14 14 12 Launcher 12 | . 12 14 14 5 Naked Turns . | . . . . . Heaviest Build 41 | 12 13 41 41 29 Greatest Support 40 | 40 40 40 40 40 Greatest Overweight (x) 8 | 3 . 1 1 8 Average Overweight (x) . | . . . . . Largest Inventory Capacity 16 | 6 6 16 16 10 Average Capacity 13 | 5 6 11 15 10 Most Carried 10 | 6 6 7 10 10 Average Carried 7 | 4 5 6 8 9 Final Capacity 16 | 6 6 16 10 10 Final Carried 10 | 6 6 6 10 8 Class Distribution -------------------- 100% | Mutant Dominant Class ---------------- Mutant | -10/Materials Mutant | -10/Mines Mutant | -10/Exiles Mutant | -9/Mines Resources | -11 -10 -10 -10 -9 ----------- Run | Scr Mat Min Exi Min Matter Collected 631 | 235 . 16 316 64 Remotely . | . . . . . Salvage Created 233 | 100 44 . . 89 Parts 16 | 5 3 . . 8 Haulers Intercepted . | . . . . . Recyclers Shooed 2 | 1 . . . 1 Parts Field Recycled . | . . . . . Retrieved Matter . | . . . . . Parts Self-Destructed . | . . . . . Prevented . | . . . . . Kills | -11 -10 -10 -10 -9 ------- Run | Scr Mat Min Exi Min Combat Hostiles Destroyed 6 | . 2 . . 4 Guns 4 | . . . . 4 AOE 2 | . 2 . . . Classes Destroyed 4 | 1 1 . . 2 Worker 2 | . . . . 2 Recycler 1 | 1 . . . . Swarmer 4 | . . . . 4 Grunt 2 | . 2 . . . Best Kill Streak 4 | 1 2 . . 4 Combat Bots Only 4 | . 2 . . 4 Max Kills in Single Turn 2 | 1 1 . . 2 Gunslinging 1 | . . . . 1 Exploded 1 | . 1 . . . Melee . | . . . . . Uniques/NPCs Destroyed . | . . . . . Combat | -11 -10 -10 -10 -9 -------- Run | Scr Mat Min Exi Min Damage Taken 933 | 16 14 . . 903 Core 260 | 16 . . . 244 Absorbed by Shields . | . . . . . Core Remaining (%) 93 | 93 . . . . Volleys Fired 20 | . 5 . . 15 Largest 2 | . 2 . . 2 Hottest 70 | . 50 . . 70 Shots Fired 35 | . 9 . . 26 Gun 28 | . 5 . . 23 Cannon . | . . . . . Launcher 7 | . 4 . . 3 Special . | . . . . . Kinetic 16 | . 5 . . 11 Thermal 12 | . . . . 12 Explosive 7 | . 4 . . 3 Electromagnetic . | . . . . . Robot Hit Streak 7 | . 5 . . 7 Robot Miss Streak 3 | . 1 . . 3 Penetration Max . | . . . . . Secondary Targets 2 | . . . . 2 Max Gunslinging Chain 1 | . . . . 1 Shots Hit Robots 20 | . 6 . . 14 Core Hits 16 | 3 3 . . 10 Critical Hits . | . . . . . Critical Kills . | . . . . . Critical Parts Destroyed . | . . . . . Melee Attacks . | . . . . . Impact . | . . . . . Slashing . | . . . . . Piercing . | . . . . . Sneak Attacks . | . . . . . Combat Hostiles . | . . . . . Follow-up Attacks . | . . . . . Damage Inflicted 536 | 23 174 . . 339 Guns 145 | . 18 . . 127 Cannons . | . . . . . Explosions 368 | . 156 . . 212 Melee . | . . . . . Ramming 23 | 23 . . . . Kinetic 58 | . 18 . . 40 Thermal 87 | . . . . 87 Explosive 368 | . 156 . . 212 Electromagnetic . | . . . . . Impact . | . . . . . Slashing . | . . . . . Piercing . | . . . . . Highest Corruption 1 | 1 1 1 1 1 Average Corruption 1 | 1 1 1 1 1 Corruption Purged . | . . . . . Effects 9 | . 2 1 6 . Message Errors 6 | . 1 1 4 . Data Loss (minor) 2 | . . . 2 . Targeting Errors 1 | . 1 . . . Overload Shots . | . . . . . Overflow Damage 5 | . . . . 5 Projectiles . | . . . . . Explosions 5 | . . . . 5 Melee . | . . . . . Knockbacks . | . . . . . Impact . | . . . . . Kinetic . | . . . . . Secondary . | . . . . . Self-Inflicted Damage 11 | 11 . . . . Shots . | . . . . . Rammed 6 | 6 . . . . Targets Rammed 6 | 6 . . . . Kicked . | . . . . . Crushed . | . . . . . Highest Temperature 120 | . 29 . . 120 Average Temperature 42 | . 12 . . 50 Received Heat Transfer 9 | . 9 . . . Siege Activations . | . . . . . Robots Corrupted . | . . . . . Combat Hostiles . | . . . . . Parts Fried . | . . . . . Impact Corruptions . | . . . . . Robots Melted . | . . . . . Combat Hostiles . | . . . . . Parts Melted 1 | . . . . 1 Heat Transferred 259 | . . . . 259 Parts Sabotaged . | . . . . . Parts Stolen . | . . . . . Parts Stripped . | . . . . . Power Chain Reactions . | . . . . . Missiles Intercepted . | . . . . . Alert | -11 -10 -10 -10 -9 ------- Run | Scr Mat Min Exi Min Peak Influence 105 | 5 68 26 . 105 Initial 26 | . 3 26 . . Average 30 | 4 35 26 . 51 Maximum Alert Level . | . . . . . Low Security (%) 100 | 100 100 100 . 100 Level 1 . | . . . . . Level 2 . | . . . . . Level 3 . | . . . . . Level 4 . | . . . . . Level 5 . | . . . . . High Security . | . . . . . Max Security . | . . . . . Squads Dispatched . | . . . . . Investigation . | . . . . . Extermination . | . . . . . Reinforcement . | . . . . . Assault . | . . . . . Garrison . | . . . . . Intercept . | . . . . . Construction Impeded . | . . . . . Haulers Reinforced . | . . . . . Stealth | -11 -10 -10 -10 -9 --------- Run | Scr Mat Min Exi Min Distress Signals . | . . . . . Communications Jammed . | . . . . . Distress Signals . | . . . . . Times Spotted 12 | . 3 . . 9 Peak Tracking Total 5 | . 2 . . 5 Tactical Retreats 1 | . 1 . . . Traps | -11 -10 -10 -10 -9 ------- Run | Scr Mat Min Exi Min Traps Triggered . | . . . . . Indirectly . | . . . . . Trap Hack Attempts . | . . . . . Triggered . | . . . . . Disarmed . | . . . . . Reprogrammed . | . . . . . Reused . | . . . . . Traps Extracted . | . . . . . Installed . | . . . . . Triggered . | . . . . . Machines | -11 -10 -10 -10 -9 ---------- Run | Scr Mat Min Exi Min Machines Disabled 1 | . 1 . . . Max in Single Turn 1 | . 1 . . . Machines Sabotaged . | . . . . . Garrisons Compromised . | . . . . . Overloaded Fab Kills . | . . . . . Fab Network Shutdowns . | . . . . . Hacking | -11 -10 -10 -10 -9 --------- Run | Scr Mat Min Exi Min Machines Accessed 2 | . . . 2 . Terminals . | . . . . . Fabricators . | . . . . . Repair Stations . | . . . . . Recycling Units . | . . . . . Scanalyzers . | . . . . . Garrison Access . | . . . . . Total Hacks 32 | . . . 32 . Successful 32 | . . . 32 . Failed . | . . . . . Catastrophic . | . . . . . Database Lockouts . | . . . . . Manual . | . . . . . Terminals . | . . . . . Fabricators . | . . . . . Repair Stations . | . . . . . Recycling Units . | . . . . . Scanalyzers . | . . . . . Garrison Access . | . . . . . Terminal Hacks 32 | . . . 32 . Record 32 | . . . 32 . Fabricator Hacks . | . . . . . Repair Station Hacks . | . . . . . Recycling Unit Hacks . | . . . . . Scanalyzer . | . . . . . Garrison Access Hacks . | . . . . . Unauthorized Hacks . | . . . . . Terminals . | . . . . . Fabricators . | . . . . . Repair Stations . | . . . . . Recycling Units . | . . . . . Scanalyzers . | . . . . . Garrison Access . | . . . . . Data Cores Recovered . | . . . . . Used . | . . . . . Hacking Detections . | . . . . . Full Trace Events . | . . . . . Feedback Events . | . . . . . Feedback Blocked . | . . . . . Robot Schematics Acquired . | . . . . . Robots Built . | . . . . . Matter . | . . . . . Time . | . . . . . Total Robot Build Rating . | . . . . . Part Schematics Acquired . | . . . . . Parts Built . | . . . . . Matter . | . . . . . Time . | . . . . . Total Part Build Rating . | . . . . . Parts Repaired . | . . . . . Time . | . . . . . Parts Recycled . | . . . . . Recycled Matter . | . . . . . Retrieved Matter . | . . . . . Retrieved Components . | . . . . . Parts Scanalyzed . | . . . . . Part Schematics Acquired . | . . . . . Parts Damaged . | . . . . . Bothacking | -11 -10 -10 -10 -9 ------------ Run | Scr Mat Min Exi Min Used RIF Installer . | . . . . . Robots Hacked . | . . . . . Non-combat . | . . . . . Combat . | . . . . . Robot Hacks Applied . | . . . . . Relay Couplers Released . | . . . . . Robots Rewired . | . . . . . Allies Hacked . | . . . . . Hacks Repelled . | . . . . . Allies | -11 -10 -10 -10 -9 -------- Run | Scr Mat Min Exi Min Total Allies . | . . . . . Largest Group . | . . . . . Highest-Rated Group . | . . . . . Highest-Rated Ally . | . . . . . Total Orders . | . . . . . Ally Attacks . | . . . . . Total Damage . | . . . . . Kills . | . . . . . Allies Corrupted . | . . . . . Allies Melted . | . . . . . Intel | -11 -10 -10 -10 -9 ------- Run | Scr Mat Min Exi Min Robot Analysis Total . | . . . . . Derelict Logs Recovered 1 | . . . . 1 Drone Launches . | . . . . . Drone Recoveries . | . . . . . Exploration | -11 -10 -10 -10 -9 ------------- Run | Scr Mat Min Exi Min Turns Passed 1881 | 112 83 283 1215 188 Spaces Moved 1046 | 75 42 164 678 87 Core 43 | 40 . . . 3 Treads 1003 | 35 42 164 678 84 Legs . | . . . . . Wheels . | . . . . . Hover . | . . . . . Flight . | . . . . . Fastest Speed 50 | 50 160 160 160 160 Average Speed 170 | 118 160 170 177 167 Slowest Speed 450 | 200 160 180 180 450 Overloaded Moves . | . . . . . Propulsion Burnouts . | . . . . . Robots Hopped . | . . . . . Cave-ins Triggered . | . . . . . Exploration Rate (%) 35 | 5 10 44 92 25 Regions Visited 4 Branch Regions 3 Pre-discovered Areas 2 | . . . 1 1 Known Exits Taken . | . . . . . Unknown Exits Taken 4 | 1 1 1 1 . Scrap Searched 1 | . . 1 . . Spaces Dug . | . . . . . Terrain Destroyed 45 | . 20 . . 25 Melee . | . . . . . Projectile . | . . . . . AOE 45 | . 20 . . 25 Terrain Rammed . | . . . . . Walls Destroyed . | . . . . . Machines Disabled . | . . . . . Actions | -11 -10 -10 -10 -9 --------- Run | Scr Mat Min Exi Min Total 1114 | 97 51 167 694 105 Wait 2 | 2 . . . . Move 1042 | 74 41 163 677 87 Hop . | . . . . . Pick Up 20 | 9 2 1 8 . Fast Attach 5 | 3 . 1 1 . Attach 8 | 3 1 . 2 2 Detach 1 | . . . 1 . Swap 2 | . . 1 . 1 Drop 8 | . 2 1 5 . Fire 20 | . 5 . . 15 Melee . | . . . . . Ram 6 | 6 . . . . Kick . | . . . . . Crush . | . . . . . Escape Stasis . | . . . . . Rewire . | . . . . . Trap . | . . . . . Miscellaneous . | . . . . . Route ------- -11/Scrapyard -10/Materials -10/Mines (discovered 2 exits: [*Mat] / *Exi) -10/Exiles -9/Mines History --------- Turn | Location | Event 5 | -11/Scrapyard | Discovered new exit (range 16) 113 | -11/Scrapyard | Entered Materials 113 | -10/Materials | Discovered new exit (range 7) 196 | -10/Materials | Entered Mines 268 | -10/Mines | Discovered new exit (range 15) 346 | -10/Mines | Build established: Mutant 472 | -10/Mines | Deemed a non-threat by the Exiles lab entrance 472 | -10/Mines | Discovered new exit (range 5) 479 | -10/Mines | Entered Exiles 529 | -10/Exiles | Met 8R-AWN 567 | -10/Exiles | Met EX-HEX 635 | -10/Exiles | Met EX-BIN 666 | -10/Exiles | Aligned with FarCom system 668 | -10/Exiles | Given EX-Vault access code 839 | -10/Exiles | Met EX-DEC 846 | -10/Exiles | Learned location of Zion (-7) 956 | -10/Exiles | Discovered new exit (range 14) 1079 | -10/Exiles | Visited The Gauntlet 1694 | -10/Exiles | Entered Mines 1845 | -9/Mines | Assembled infested the area 1873 | -9/Mines | Core integrity fell below 50% 1879 | -9/Mines | Core integrity fell below 20% 1882 | -9/Mines | Destroyed by D-53 Grenadier with Mini Grenade Launcher Last Messages --------------- 01861_ Lgt. Assault Rifle destroyed. 01862_ K-01 Serf collects debris. 01862_ Destroyed Tractor Beam. 01863_ The unstable cave ceiling collapses. 01866_ R-06 Scavenger destroyed. 01866_ K-01 Serf destroyed. 01867_ Lgt. Treads destroyed. 01868_ Grenade Launcher destroyed. 01869_ K-01 Serf collects debris. 01869_ Med. Laser destroyed. 01870_ T-07 Excavator destroyed. 01871_ Ion Engine destroyed. 01873_ The unstable cave ceiling collapses. 01873_ K-01 Serf collects debris. 01874_ as-71876 destroyed. 01874_ as-55161 destroyed. 01876_ The unstable cave ceiling collapses. 01876_ as-02365 destroyed. 01876_ K-01 Serf collects debris. 01882_ The unstable cave ceiling collapses. Map ----- +----------------------------------------------------+ | ?????????????????????????????????????????????????? | | ?????????????????????????????????????????????????? | | ?????????????????????????????????????????????????? | | ?????????????????????????????????????????????????? | | ?????????????????????????????????????????????????? | | ?????????????????????????????????????????????????? | | ?????????????????????????????????????????????????? | | ?????????????????????????????????? ??????????????? | | ???????????????????????????????? ?????????????? | | ??????????????????????????????? ?????????????? | | ??????????????????????????????? ?????????????? | | ???????????????????????????????? ?????????????# | | ???????????????????????????????? #???????????## | | ????????????????????????????????# #?????????## | | ????????????????????????????????# #####????# | | ???????????????????????####?????? ????# | | ????????????????????#### ##?????# """ ????## | | ???????????????????## #?????# """ #????## | | ??????????????????## ###???# """ #???## | | ??????????????????# #???# #??## | | ???????????? #### # ##???# #???# | | ??????????????? % ##### ####### | | ??????????????????# | | ??????????????????# ## | | ????????????????????# ########### ### =* | | ????????????????????# @ #?????????# #?## =# | | ????????????????????# #????????# #??# ## | | ????????????????????# d ##????????# #??# #? | | ????????????????????## ##?????????# #??# #? | | ?????????????????????# ##??????????# #??# #? | | ?????????????????????# #???????????# #??# #? | | ?????????????????????# d #???????????# ??# #? | | ?????????????????????# =%= ##??????????? ??# ## | | ?????????????????????# ! #???????????? ??# | | ?????????????????????# k%*#???????????? ?#### | | ?????????????????????# = #???????????? ????? | | ?????????????????????# ####???????????? """????? | | ?????????????????????# ???????????????? ???????? | | ?????????????????????# ?????????????????????????? | | ?????????????????????# ?????????????????????????? | | ?????????????????????????????????????????????????? | | ?????????????????????????????????????????????????? | | ?????????????????????????????????????????????????? | | ?????????????????????????????????????????????????? | | ?????????????????????????????????????????????????? | | ?????????????????????????????????????????????????? | | ?????????????????????????????????????????????????? | | ?????????????????????????????????????????????????? | | ?????????????????????????????????????????????????? | | ?????????????????????????????????????????????????? | +----------------------------------------------------+ Best States ------------- Heat Dissipation 25 Energy Generation 10 Energy Capacity 250 Matter Stores 500 Matter Capacity 500 Sight Range 16 Terrain Scan Density 10 Evasion (%) 50 Recoil Reduction 2 Item Schematics ----------------- None Robot Schematics ------------------ None Fabricated ------------ Nothing Alien Tech Used ----------------- None Achievements -------------- Librarian Tourist Challenges ------------ None Game ------ Seed LightpackControlDissipator Manual? 0 Play Time 00:35:51 Cumulative 1.7 hours Start 2020.10.27 @ 23:33:50 End 2020.10.28 @ 00:18:03 Sessions 3 Manual Loads 0 Difficulty Rogue Special Mode None Game No. 6 Rogue 6 Adventurer 0 Explorer 0 Win Type - Total 0 Types 0/0/0/0/0/0/0/0/0 Lore% 6 Gallery% 3 Achievement% 3 Wizard Run 0 Options --------- ASCII 0 Keyboard 0 Movement Mouse Keybinds 0 Fullscreen 2 Font 24/Proggy Map View 76x50 Tactical HUD 1 Map Filters NONE Filters NONE Steam 1 RUN: fab643bd-76ee-4815-81b3-ae65e483e163